 Dungeon Crawl Stone Soup version 0.19.4-9-g45fd643 (webtiles) character file.

837 Gargoyl the Skirmisher (level 7, -13/60 HPs)
             Began as a Ghoul Abyssal Knight on Feb 18, 2017.
             Was a Believer of Lugonu.
             Killed by divine providence
             ... invoked by an orc priest
              (14 damage)
             ... on level 4 of the Dungeon.
             The game lasted 00:07:12 (3882 turns).

Gargoyl the Skirmisher (Ghoul Abyssal Knight)       Turns: 3882, Time: 00:07:12

Health: -13/60     AC:  9    Str: 16    XL:     7   Next: 99%
Magic:  8/9        EV:  4    Int:  7    God:    Lugonu [**....]
Gold:   204        SH:  7    Dex: 10    Spells: 0 memorised, 6 levels left

rFire  + . .     SeeInvis .     a - +2 hand axe
rCold  + . .     Gourm    .     f - +0 chain mail
rNeg   + + +     Faith    .     g - +0 shield
rPois  ∞         Spirit   .     (no helmet)
rElec  .         Reflect  .     (no cloak)
rCorr  .         Harm     .     (no gloves)
MR     .....                    (no boots)
Stlth  ..........               (no amulet)
                                (no ring)
                                i - ring of protection from fire

@: about to teleport, rotting
A: rotting body, claws 1, carnivore 3, cold resistance 1, negative energy
resistance 3, slow regeneration 1, torment resistance, unbreathing
a: Depart the Abyss, Bend Space, Renounce Religion


You were on level 4 of the Dungeon.
You worshipped Lugonu.
Lugonu was pleased with you.
You were not hungry.

You visited 1 branch of the dungeon, and saw 4 of its levels.
You visited the Abyss 1 time.

You collected 204 gold pieces.

Inventory:

Hand Weapons
 a - a +2 hand axe (weapon)
Missiles
 o - 7 javelins (quivered)
Armour
 f - a +0 chain mail (worn)
 g - a +0 shield (worn)
Jewellery
 i - a ring of protection from fire (left claw)
Wands
 e - a wand of hasting (2/9)
Scrolls
 j - a scroll of enchant weapon
 k - a scroll of teleportation
 r - a scroll of magic mapping
Potions
 d - a potion of magic
 m - a potion of haste
Books
 q - a book of Misfortune

   Spells                             Type                      Level
   a - Confusing Touch                Hexes                        1
   b - Confuse                        Hexes                        3
   c - Gell's Gravitas                Hexes/Translocation          3
   d - Petrify                        Transmutation/Earth          4
   e - Metabolic Englaciation         Hexes/Ice                    5
   f - Yara's Violent Unravelling     Hexes/Transmutation          5
Comestibles
 c - 2 meat rations
 n - a royal jelly


   Skills:
 + Level 4.9 Fighting
 + Level 4.3 Axes
 * Level 4.8 Armour
 + Level 1.5 Dodging
 + Level 0.2 Stealth
 + Level 1.1 Shields
 * Level 4.4 Invocations


You had 6 spell levels left.
You didn't know any spells.

Dungeon Overview and Level Annotations

Branches:
Dungeon (4/15)
 Temple: D:4-7

Altars:
Gozag
Sif Muna


Innate Abilities, Weirdness & Mutations

Your body is rotting away.
You thrive on raw meat.
You are immune to poison.
You have sharp fingernails.
You are carnivorous and can eat meat at any time.
Your flesh is cold resistant. (rC+)
You are immune to negative energy. (rN+++)
You regenerate slowly when monsters are visible.
You are immune to unholy pain and torment.
You can survive without breathing.


Message History

The ogre shouts!
Unknown command.
The ogre hits you but does no damage.
There is an open door here.
The orc hits you with a flail.
* * * LOW HITPOINT WARNING * * *
You see here a hand axe.
You closely miss the orc. The orc hits you but does no damage.
The ogre hits you with a giant club!
* * * LOW HITPOINT WARNING * * *
Unknown command.
As you read the scroll of teleportation, it crumbles to dust.
You feel strangely unstable. You block the orc's attack.
The orc priest looks satisfied for a moment.
Okay, then.
Space bends around you!
You blink.
* * * LOW HITPOINT WARNING * * *
The orc priest calls down the wrath of Beogh upon you.
Beogh smites you!
You die...

#...# #'#....# #...#
#.#....# ##'## #
#.#....# #..# .#......#
##.## .......# #..#
#.....# ##.# #..p..#
#.# # #..@..# #.#### #.
#..O..# #..... #.##
##'#### ##.... #.#...
#o# #....
#<....#####.######
#....
#....oo(o.ooo....######
##..#
#....o#####.#....))...#
##.# #.....
.o.#.##.#..#.# #..
#..... ##..#.##.#..#.#
##.


You could see an ogre, 2 orc priests, 2 orcs and a neutral freed slave
(wandering).

Vanquished Creatures
  Pikel (D:4)
  A scorpion (D:4)
  A bullfrog zombie (D:3)
  An orc priest (D:4)
  2 worker ants
  6 gnolls
  7 adders
  An ooze (D:1)
  2 worms (D:3)
  4 dart slugs (D:1)
  A leopard gecko (D:1)
  An orc (D:4)
  2 ball pythons
  5 giant cockroaches
  5 goblins
  8 hobgoblins
  7 jackals (D:4)
  3 kobolds
  8 bats
  2 frilled lizards (D:2)
  10 rats
78 creatures vanquished.

Vanquished Creatures (others)
  A slave (D:4)
  An orc priest (D:4)
  A gnoll (D:4)
  An orc (D:4)
  A frilled lizard (D:4)
5 creatures vanquished.

Grand Total: 83 creatures vanquished

Notes
Turn   | Place    | Note
-------+----------+-------------------------------------------
     0 | Abyss:1  | Gargoyl the Ghoul Abyssal Knight began the quest for the Orb.
     0 | Abyss:1  | Reached XP level 1. HP: 19/19 MP: 1/1
   145 | Abyss:1  | Noticed a small abomination
   276 | Abyss:3  | Noticed a smoke demon
   276 | D:1      | Escaped the Abyss
   393 | D:1      | Reached * piety under Lugonu
   452 | D:1      | Reached XP level 2. HP: 26/26 MP: 2/2
   807 | D:1      | Reached XP level 3. HP: 30/33 MP: 3/3
   915 | D:1      | Reached skill level 1 in Dodging
  1591 | D:2      | Reached XP level 4. HP: 40/40 MP: 4/4
  1886 | D:2      | Reached ** piety under Lugonu
  2144 | D:3      | Found an opulent altar of Gozag.
  2159 | D:3      | Reached XP level 5. HP: 40/46 MP: 6/6
  2160 | D:3      | Found a deep blue altar of Sif Muna.
  2259 | D:3      | Found a faded altar of an unknown god.
  3007 | D:4      | Reached XP level 6. HP: 42/52 MP: 7/7
  3331 | D:4      | Noticed Pikel
  3331 | D:4      | Noticed a slave
  3331 | D:4      | Noticed a slave
  3332 | D:4      | Noticed a slave
  3332 | D:4      | Noticed a slave
  3377 | D:4      | Killed Pikel
  3377 | D:4      | Reached skill level 1 in Shields
  3377 | D:4      | Reached XP level 7. HP: 18/60 MP: 7/9
  3882 | D:4      | HP: 1/60 [spatial distortion (4)]
  3882 | D:4      | Killed from afar by an orc priest

Skill      XL: |  1  2  3  4  5  6 |
---------------+-------------------+-----
Axes           | 2 3 4 |  4.3
Armour         | 2 3 4 |  4.8
Fighting       | 4 |  4.9
Dodging        | 1 |  1.5
Invocations    | 3 4 |  4.4
Shields        | 1 |  1.1
Stealth        | |  0.2

Action                   |  1- 3 |  4- 6 |  7- 9 || total
-------------------------+-------+-------+-------++-------
Melee: Hand axe          |    80 |   230 |    43 ||   353
Invok: Depart the Abyss  |     1 |       |       ||     1
       Bend Space        |       |       |     1 ||     1
  Use: Scroll            |     4 |     3 |     2 ||     9
       Potion            |       |     3 |     3 ||     6
  Eat: Chunk             |     8 |    17 |     5 ||    30
Armor: Chain mail        |    72 |   152 |    10 ||   234
Dodge: Dodged            |    41 |    74 |     2 ||   117
Block: Shield            |       |    22 |    12 ||    34
